 Dungeon Crawl Stone Soup version 0.23-a0-419-g0174fd80c1 (webtiles) character file.

551 Zezish the Chopper (level 7, -5/91 HPs)
             Began as a Minotaur Fighter on Nov 12, 2018.
             Was an Initiate of Okawaru.
             Slain by a rust devil (11 damage)
             ... on level 6 of the Dungeon.
             The game lasted 00:08:37 (4537 turns).

Zezish the Chopper (Minotaur Fighter)               Turns: 4537, Time: 00:08:38

Health: -5/91      AC: -8    Str: 22    XL:     7   Next: 7%
Magic:  15/15      EV:  2    Int:  5    God:    Okawaru [......]
Gold:   284        SH: 10    Dex: 10    Spells: 6/6 levels left

rFire    . . .     SeeInvis .   a - +1 war axe
rCold    . . .     Gourm    +   c - +0 shield
rNeg     + + +     Faith    .   (armour currently unavailable)
rPois    +         Spirit   .   (helmet currently unavailable)
rElec    .         Reflect  .   (cloak currently unavailable)
rCorr    .         Harm     .   (gloves currently unavailable)
MR       +....     NoTele   +   (boots currently unavailable)
Stlth    +.........             b - amulet of the gourmand
HPRegen  0.25/turn              j - ring of protection from magic
MPRegen  0.14/turn              d - ring of magical power

@: tree-form (expiring), corroded, very slightly contaminated, hasted,
invisible, very quick
A: (retaliatory headbutt)
a: Renounce Religion


You were on level 6 of the Dungeon.
You worshipped Okawaru.
Okawaru was noncommittal.
You were very full.
You were a tree.
You visited 2 branches of the dungeon, and saw 7 of its levels.

You collected 284 gold pieces.

Inventory:

Hand Weapons
 a - a +1 war axe (weapon)
 u - a +2 flail of protection
Armour
 c - a +0 shield (worn)
 q - a +2 chain mail (melded)
 v - a scarf of cloud immunity (melded)
Jewellery
 b - an amulet of the gourmand (around neck)
 d - a ring of magical power (right branch)
 j - a ring of protection from magic (left branch)
 l - an uncursed amulet of guardian spirit
Wands
 A - a wand of paralysis (4)
Scrolls
 e - a scroll of identify
 i - a scroll of immolation
 p - 3 scrolls of remove curse
 s - 2 scrolls of teleportation
Potions
 g - 3 potions of haste
 h - a potion of magic
 t - a potion of lignification
 w - a potion of resistance
 x - 2 potions of flight
Comestibles
 f - 12 rations


   Skills:
 + Level 5.0 Fighting
 * Level 5.9 Axes
 + Level 5.0 Armour
 + Level 3.0 Dodging
 + Level 5.1 Shields
 + Level 0.2 Invocations


You had 6 spell levels left.
You didn't know any spells.
Your spell library was empty.

Dungeon Overview and Level Annotations

Branches:
Dungeon (6/15)             Temple (1/1) D:4

Altars:
Ashenzari
Cheibriados
Dithmenos
Elyvilon
Fedhas
Gozag
Hepliaklqana
Kikubaaqudgha
Makhleb
Nemelex Xobeh
Okawaru
Qazlal
Ru
Sif Muna
Trog
Uskayaw
Vehumet
Wu Jian
Xom
Yredelemnul
Zin
The Shining One

Shops:
D:5 :


Innate Abilities, Weirdness & Mutations

((You reflexively headbutt those who attack you in melee.))
((You have a pair of horns on your head.))


Message History

* * * LOW HITPOINT WARNING * * *
The rust devil corrodes you!
You catch the helpless rust devil completely off-guard!
You hit the rust devil but do no damage.
The rust devil is moderately wounded.
The rust devil hits you!
* * * LOW HITPOINT WARNING * * *
The rust devil corrodes you!
You hit the rust devil but do no damage.
The rust devil is moderately wounded.
Your transformation is almost over.
The rust devil hits you!
* * * LOW HITPOINT WARNING * * *
The rust devil corrodes you!
You hit the rust devil but do no damage.
The rust devil is moderately wounded.
You hit the rust devil but do no damage.
The rust devil is moderately wounded.
The rust devil hits you!
You die...

#...# ####.##.# #...#
#..[.÷...
######...#####.##..#.#
...............##.#..#
.................###.#
..........<.....## ##.
#####oo.#####.#.# # #
##4#.# #....#. #♣###.#
#####.### ##.#.## #....
...# #######.... ...#
#......#... #.##
#.####.....
########.####.####.##.#
#...............##.##.#
###..####..#.##.#.##.##..
#.......#..#.##.#.##.####


You could see a rust devil and 2 orc warriors.

Vanquished Creatures
  2 bullfrog skeletons
  3 orc priests (D:4)
  3 worker ants
  4 orc wizards
  A hound skeleton (D:5)
  4 gnolls
  5 adders
  A shadow imp (D:3)
  3 oozes
  2 adder skeletons (D:4)
  2 worms
  2 dart slugs
  A leopard gecko (D:1)
  12 orcs
  2 giant cockroaches
  6 goblins
  6 hobgoblins
  6 jackals
  2 quokkas
  2 ball pythons
  10 bats
  A frilled lizard (D:2)
  7 kobolds
  6 rats
93 creatures vanquished.

Vanquished Creatures (others)
  A bullfrog skeleton (D:4)
1 creature vanquished.

Grand Total: 94 creatures vanquished

Notes
Turn   | Place    | Note
-------+----------+-------------------------------------------
     0 | D:1      | Zezish the Minotaur Fighter began the quest for the Orb.
     0 | D:1      | Reached XP level 1. HP: 19/19 MP: 0/0
   149 | D:1      | Reached XP level 2. HP: 6/27 MP: 1/1
   991 | D:1      | Reached XP level 3. HP: 33/33 MP: 2/2
  1084 | D:1      | Reached skill level 1 in Dodging
  1829 | D:3      | Reached XP level 4. HP: 35/40 MP: 3/3
  2254 | D:3      | Reached XP level 5. HP: 45/46 MP: 4/4
  2264 | D:3      | Found a radiant altar of Vehumet.
  2780 | D:4      | Reached skill level 5 in Axes
  2780 | D:4      | Reached XP level 6. HP: 11/53 MP: 5/5
  3173 | D:4      | Found a staircase to the Ecumenical Temple.
  3179 | Temple   | Entered the Ecumenical Temple
  3255 | Temple   | Became a worshipper of Warmaster Okawaru
  3574 | D:5      | Entered Level 5 of the Dungeon
  3702 | D:5      | Found Vuhip's Book Shop.
  3897 | D:5      | Reached skill level 5 in Fighting
  3897 | D:5      | Reached skill level 5 in Armour
  3897 | D:5      | Reached skill level 5 in Shields
  3915 | D:5      | Reached XP level 7. HP: 61/61 MP: 6/6
  4493 | D:5      | Noticed a rust devil
  4493 | D:5      | Noticed a rust devil
  4537 | D:6      | Slain by a rust devil

Vault maps used:
D:1:      dpeg_arrival_orchard
D:2:      first_ration
D:3:      vehumet_crystals
D:4:      minmay_temple_entry_fiery, lemuel_old_faithful
D:5:      cheibrodos_iron_armory, serial_shops, shop
Temple:   grunt_wide_crystal_templ

Skill      XL: |  1  2  3  4  5  6  7 |
---------------+----------------------+-----
Axes           | 3 4 5 |  5.9
Dodging        | 1 2 3 |  3.0
Fighting       | 4 5 |  5.0
Armour         | 4 5 |  5.0
Shields        | 4 5 |  5.1
Invocations    | |  0.2

Action                   |  1- 3 |  4- 6 |  7- 9 || total
-------------------------+-------+-------+-------++-------
Melee: War axe           |   102 |   144 |    38 ||   284
       Headbutt          |    16 |    16 |     2 ||    34
  Use: Potion            |       |     1 |     9 ||    10
       Scroll            |       |    19 |     2 ||    21
 Stab: Invisible         |       |       |     3 ||     3
  Eat: Chunk             |     8 |    13 |     1 ||    22
Armor: Scale mail        |    37 |       |       ||    37
       Chain mail        |    28 |    66 |     3 ||    97
       Skin              |       |       |     1 ||     1
Dodge: Dodged            |    39 |    41 |     8 ||    88
Block: Shield            |    79 |    78 |    16 ||   173

Table legend:
 A = Non-vault XP
 B = Vault XP
 C = Vault XP percentage of total XP
 D = Non-vault monster count
 E = Vault monster count
 F = Vault count percentage of total count
                 A         B        C        D         E       F
            +---------+---------+-------+---------+---------+-------
      Total |     788 |       0 |   0.0 |      93 |       0 |   0.0
            +---------+---------+-------+---------+---------+-------
        D:1 |      48 |       0 |   0.0 |      18 |       0 |   0.0
        D:2 |      36 |       0 |   0.0 |      13 |       0 |   0.0
        D:3 |     181 |       0 |   0.0 |      37 |       0 |   0.0
        D:4 |     379 |       0 |   0.0 |      18 |       0 |   0.0
        D:5 |     142 |       0 |   0.0 |       6 |       0 |   0.0
        D:6 |       2 |       0 |   0.0 |       1 |       0 |   0.0
            +---------+---------+-------+---------+---------+-------
